 Dungeon Crawl Stone Soup version 0.31-a0-1612-g4aaf141004 (webtiles) character file.

Game seed: 1751949591300162657

63 grandjackal the Trooper (level 3, -1/43 HPs)
             Began as a Demonspawn Fighter on Jan 9, 2024.
             Succumbed to a gnoll's poison
             ... on level 3 of the Dungeon.
             The game lasted 00:01:17 (1485 turns).

grandjackal the Trooper (Demonspawn Fighter)        Turns: 1485, Time: 00:01:17

Health: -1/43      AC: 21    Str: 18    XL:     3   Next: 89%
Magic:  3/3        EV:  2    Int:  8    God:
Gold:   100        SH:  4    Dex: 12    Spells: 2/2 levels left

rFire   . . .        a - +0 war axe
rCold   . . .        c - +0 buckler
rNeg    . . .        b - melded +0 scale mail
rPois   +            (helmet currently unavailable)
rElec   .            (cloak currently unavailable)
rCorr   .            (gloves currently unavailable)
SInv    .            (boots currently unavailable)
Will    .....        (no amulet)
Stlth   +            (no ring)
HPRegen 0.27/turn    (no ring)
MPRegen 0.16/turn

%: no passive effects
@: lethally poisoned (-1 -> -8), tree-form
A: stationary, stasis, torment immunity, boosted hp, magic regeneration
a: no special abilities


You were on level 3 of the Dungeon.
You were a tree.
You visited 1 branch of the dungeon, and saw 3 of its levels.

You collected 100 gold pieces.

Inventory:

Hand Weapons
 a - a +0 war axe (weapon)
Armour
 b - a +0 scale mail (melded)
 c - a +0 buckler (worn)
Jewellery
 f - an amulet of faith
Wands
 n - a wand of digging (5)
Scrolls
 e - a scroll of fear {unknown}
 h - a scroll of enchant weapon {unknown}
 i - 4 scrolls of identify {unknown}
 j - a scroll of teleportation {unknown}
 l - a scroll of immolation {unknown}
Potions
 d - a potion of might
 k - a potion of magic {unknown}
 m - a potion of curing {unknown}


   Skills:
 + Level 3.6 Fighting
 + Level 2.5 Axes
 - Level 3.0 Armour
 + Level 3.2 Shields


You had 2 spell levels left.
You didn't know any spells.
Your spell library contained the following spells:

 Spells                   Type           Power      Damage    Failure   Level
 Shock                    Conj/Air       0%         1d3       50%         1
 Swiftness                Air            0%         N/A       86%         3
 Airstrike                Air            0%         2d(0-16)  99%         4


Dungeon Overview and Level Annotations

Branches:
Dungeon (3/15)

Altars:
Wu Jian

Shops:
D:2 :   D:3 [

Annotations:
D:1 2 transporters


Innate Abilities, Weirdness & Mutations

You are a tree.
Your roots penetrate the ground, keeping you stationary.
You cannot be teleported.
You are immune to unholy pain and torment.
Your maximum health is greatly increased.
Your equipment is partially melded.
You regenerate magic rapidly.


Message History

The adder bites you but does no damage. You block the ball python's attack. x2
The adder bites you but does no damage. The ball python barely misses you.
The ball python grabs you. The ball python constricts you.
You hit the ball python.
You kill the ball python!
You hit the adder. The adder bites you but does no damage.
You block the adder's attack. You block the gnoll's attack.
You closely miss the adder.
The adder is moderately wounded.
You hit the kobold.
You kill the kobold!
You block the adder's attack.
The gnoll hits you from afar with a +0 spear of venom.
You are poisoned.
The adder bites you but does no damage.
The gnoll hits you from afar with a +0 spear of venom.
You are more poisoned.
You feel very sick. The gnoll attacks as it pursues you!
The gnoll hits you but does no damage.
You are more poisoned.
The adder bites you but does no damage.
Things that are here:
a +0 spear; a gnoll corpse You feel very sick.
The adder attacks as it pursues you! The adder bites you.
The gnoll attacks as it pursues you!
The gnoll hits you from afar with a +0 spear of venom.
* * * LOW HITPOINT WARNING * * *
There is a stone staircase leading down, spattered with blood here.
* * * LOW HITPOINT WARNING * * *
You feel very sick. You block the adder's attack. The gnoll barely misses you.
You climb downwards.
* * * LOW HITPOINT WARNING * * *
You feel very sick.
There is a stone staircase leading up here.
It was a potion of lignification.
You turn into a tree.
Your +0 scale mail melds into your body.
Your roots penetrate the ground.
You die...

#. #. ##.##
##...##
#.....#
#.... #..#
#.♣#
#.....S....#
######.[.[.#
#..∩..#
#.[.[...
#.....!##
#.###### #.


You could see an adder.

Vanquished Creatures
  2 gnolls (D:2)
  A ribbon worm (D:2)
  2 dart slugs (D:2)
  3 endoplasms
  6 hobgoblins
  4 kobolds
  2 quokkas (D:2)
  3 ball pythons
  2 bats (D:1)
  5 goblins
  6 rats (D:1)
36 creatures vanquished.

Notes
Turn   | Place    | Note
-------+----------+-------------------------------------------
     0 | D:1      | grandjackal the Demonspawn Fighter began the quest for the
                  | Orb.
     0 | D:1      | Reached XP level 1. HP: 18/18 MP: 1/1
    96 | D:1      | Found a faded altar of an unknown god.
   299 | D:1      | Gained mutation: You regenerate magic rapidly. [demonic
                  | ancestry]
   299 | D:1      | Reached XP level 2. HP: 24/24 MP: 2/2
   755 | D:2      | Found an ornate altar of the Wu Jian Council.
   804 | D:2      | Reached XP level 3. HP: 21/29 MP: 3/3
  1092 | D:2      | Found Siagas's Book Shop.
  1279 | D:2      | Identified the +7 flail "Adwexi Lezudd" {pain, rElec rPois
                  | rF- rN+++}
  1424 | D:3      | Found Beanwup's Armour Shop.
  1484 | D:3      | HP: 1/29 [poisoned by a gnoll]
  1485 | D:3      | Succumbed to a gnoll's poison

Illustrated notes

Levels and vault maps discovered:
D:1:      spicycebolla_arrival_transporter_tutorial, layout_basic,
          shapermc_ecumenical_altar_venn
D:2:      layout_basic, basic_altar, serial_shops, nicolae_shop_statue_plus,
          nicolae_titane
D:3:      layout_loops_corners, mainiacjoe_overflow_concentric_impassable,
          serial_shops, nicolae_shop_scrapyard, shop, nicolae_shop_peninsula,
          kennysheep_generic_room_6, uniq_natasha

Skill      XL: |  1  2 |
---------------+-------+-----
Axes           | 2 |  2.5
Armour         | 3 |  3.0
Shields        | 3 |  3.2
Fighting       | |  3.6

Action                     || total
---------------------------++-------
  Melee: War axe           ||    89
    Use: Potion            ||     1
 Armour: Scale mail        ||    81
  Dodge: Dodged            ||    42
  Block: Buckler           ||    28

Table legend: (Time is in decaauts)
 A = Elapsed time spent in this place.
 B = Non-inter-level travel time spent in this place.
 C = Inter-level travel time spent in this place.
 D = Time resting spent in this place.
 E = Time spent auto-exploring this place.
 F = Levels seen in this place.
 G = Mean time per level.
                   A        B        C        D        E       F      G
               +--------+--------+--------+--------+--------+-----+--------+
         Total |   1526 |   1507 |     19 |     97 |   1167 |   3 |  508.7 |
       Dungeon |   1526 |   1507 |     19 |     97 |   1167 |   3 |  508.7 |
               +--------+--------+--------+--------+--------+-----+--------+

Top non-repeatable levels by time:
     D:1: 775 daAuts
     D:2: 701 daAuts
     D:3: 50 daAuts
